 Dungeon Crawl Stone Soup version 0.22-a0-147-gfdd7f25 (webtiles) character file.

397 SnubMonkey the Archer (level 6, -10/48 HPs)
             Began as a Centaur Hunter on Feb 6, 2018.
             Was an Initiate of Okawaru.
             Shot with an arrow by a centaur (17 damage)
             ... on level 5 of the Dungeon.
             The game lasted 00:10:02 (5221 turns).

SnubMonkey the Archer (Centaur Hunter)              Turns: 5221, Time: 00:10:03

Health: -10/48     AC:  7    Str: 16    XL:     6   Next: 53%
Magic:  6/6        EV:  9    Int: 10    God:    Okawaru [......]
Gold:   213        SH:  0    Dex: 10    Spells: 5/5 levels left

rFire    . . .     SeeInvis .   a - +1 shortbow
rCold    . . .     Gourm    .   (shield currently unavailable)
rNeg     . . .     Faith    .   m - +3 leather armour
rPois    .         Spirit   .   (no helmet)
rElec    .         Reflect  .   (no cloak)
rCorr    .         Harm     .   (no gloves)
MR       .....                  (no barding)
Stlth    ..........             (no amulet)
HPRegen  0.16/turn              (no ring)
MPRegen  0.10/turn              (no ring)

@: drained, very quick
A: large, hooves 3, deformed body, speed 2, tough skin 3
a: Renounce Religion


You were on level 5 of the Dungeon.
You worshipped Okawaru.
Okawaru was noncommittal.
You were not hungry.

You visited 2 branches of the dungeon, and saw 6 of its levels.

You collected 213 gold pieces.

Inventory:

Hand Weapons
 a - a +1 shortbow (weapon)
 b - a +0 short sword
 s - a +0 spear
Missiles
 d - 34 arrows (quivered)
 k - 4 curare-tipped needles
 l - 8 needles of frenzy
 r - 3 tomahawks of returning
Armour
 m - a +3 leather armour (worn)
 v - a +0 scale mail
Jewellery
 e - a +2 amulet of reflection {unknown}
Wands
 q - a wand of random effects (34)
Scrolls
 g - a scroll of identify {unknown}
 i - a scroll of blinking {unknown}
 j - a scroll of enchant armour
 n - 4 scrolls of remove curse
 p - 2 scrolls of fear
Potions
 c - a potion of might {unknown}
 h - a potion of invisibility {unknown}
 t - 2 potions of agility {unknown}
 u - a potion of lignification {unknown}
 w - a potion of heal wounds {unknown}
 x - a potion of haste {unknown}
Comestibles
 f - 13 rations
 o - a chunk of flesh


   Skills:
 - Level 2.0(1.5) Fighting
 * Level 10.3(9.7) Bows
 - Level 1.3(0.9) Dodging
 - Level 0.4(0.0) Stealth
 + Level 0.0 Invocations


You had 5 spell levels left.
You didn't know any spells.

Dungeon Overview and Level Annotations

Branches:
Dungeon (5/15)             Temple (1/1) D:5

Altars:
Ashenzari
Cheibriados
Dithmenos
Elyvilon
Fedhas
Gozag
Hepliaklqana
Kikubaaqudgha
Makhleb
Nemelex Xobeh
Okawaru
Qazlal
Sif Muna
Trog
Uskayaw
Vehumet
Wu Jian
Xom
Zin
The Shining One


Innate Abilities, Weirdness & Mutations

You have hooves in place of feet.
Armour fits poorly on your strangely shaped body.
You cover ground very quickly.
You have extremely tough skin. (AC +3)


Message History

Wield which item (- for none, * to show all)? (? for menu, Esc to quit)
You are already wielding that!
Wield which item (- for none, * to show all)? (? for menu, Esc to quit)
You are already wielding that!
Unknown command.
Firing (i - inventory. (/) - cycle)
d - 36 arrows (quivered)
Press: ? - help, Shift-Dir - straight line, f/p - centaur
Aim: a centaur, wielding a shortbow (severely wounded)
You shoot an arrow.
The arrow hits the centaur but does no damage.
The centaur is severely wounded.
The centaur shoots an arrow.
The arrow hits you!
* * * LOW HITPOINT WARNING * * *
Firing (i - inventory. (/) - cycle)
d - 35 arrows (quivered)
Press: ? - help, Shift-Dir - straight line, f/p - centaur
Aim: a centaur, wielding a shortbow (severely wounded)
You shoot an arrow. The arrow hits the centaur.
The centaur is almost dead.
The centaur shoots an arrow.
The arrow hits you!
You die...

... + ..( #. #.# ###
#..####(###..##
.......c.......
...............
............... # #@# ..
###
#.####.###..########...
#........#...#.........
+.....(..+........<....
.......(................
..#..##..####..#.#.#.#.#
. #..#..................
#. #.........#.......#
## ####..##..........[


You could see a centaur.

Vanquished Creatures
  A scorpion (D:4)
  A howler monkey (D:4)
  2 orc priests
  2 orc wizards (D:4)
  A worker ant (D:4)
  5 adders
  3 oozes
  3 worms (D:2)
  4 dart slugs
  4 leopard geckos
  14 orcs
  A ball python (D:1)
  7 giant cockroaches
  7 goblins
  3 hobgoblins
  3 jackals (D:1)
  6 kobolds
  2 quokkas
  7 bats
  5 frilled lizards
  7 rats
88 creatures vanquished.

Notes
Turn   | Place    | Note
-------+----------+-------------------------------------------
     0 | D:1      | SnubMonkey the Centaur Hunter began the quest for the Orb.
     0 | D:1      | Reached XP level 1. HP: 17/17 MP: 1/1
   216 | D:1      | Reached XP level 2. HP: 14/24 MP: 2/2
   348 | D:1      | Reached skill level 6 in Bows
   743 | D:1      | Reached XP level 3. HP: 29/29 MP: 3/3
   949 | D:1      | Reached skill level 7 in Bows
  1877 | D:2      | Reached XP level 4. HP: 27/36 MP: 4/4
  2594 | D:3      | Found a white marble altar of Elyvilon.
  2903 | D:3      | Reached skill level 8 in Bows
  3172 | D:3      | Reached XP level 5. HP: 30/41 MP: 5/5
  3828 | D:4      | Reached skill level 9 in Bows
  3845 | D:4      | HP: 2/41 [orc wizard/magic dart (7)]
  4250 | D:4      | Reached XP level 6. HP: 37/48 MP: 6/6
  4469 | D:4      | Reached skill level 10 in Bows
  4634 | D:4      | Found an ancient bone altar of Kikubaaqudgha.
  4963 | D:5      | Entered Level 5 of the Dungeon
  4966 | D:5      | Found a staircase to the Ecumenical Temple.
  4973 | Temple   | Entered the Ecumenical Temple
  5085 | Temple   | Became a worshipper of Warmaster Okawaru
  5221 | D:5      | Shot with an arrow by a centaur

Vault maps used:
D:1:      scummos_arrival_forest
D:3:      lemuel_crystal_altar
D:4:      nicolae_overflow_hidden_temple, first_ration
D:5:      minmay_temple_entry_glass, basic_altar, led_sif_pool
Temple:   eino_narrow_crystal_temple

Skill      XL: |  1  2  3  4  5  6 |
---------------+-------------------+-----
Bows           | 6 7 8 9 10 | 10.3
Fighting       | |  2.0
Dodging        | |  1.3
Stealth        | |  0.4

Action                   |  1- 3 |  4- 6 || total
-------------------------+-------+-------++-------
Melee: Short sword       |   111 |   104 ||   215
       Kick              |    24 |    18 ||    42
 Fire: Shortbow          |    21 |   124 ||   145
  Use: Scroll            |     1 |     3 ||     4
  Eat: Chunk             |     2 |     6 ||     8
       Ration            |       |     1 ||     1
Armor: Leather armour    |    43 |    49 ||    92
Dodge: Dodged            |    55 |    65 ||   120

Table legend:
 A = Spawn XP
 B = Non-spawn XP
 C = Spawn XP percentage of total XP
 D = Spawn monster count
 E = Non-spawn monster count
 F = Spawn count percentage of total count
 G = Total turns spent on level
                    A         B        C        D         E        F      G
               +---------+---------+-------+---------+---------+-------+---------
         Total |       0 |     568 |   0.0 |       0 |      88 |   0.0 |  5221
               +---------+---------+-------+---------+---------+-------+---------
           D:1 |       0 |      68 |   0.0 |       0 |      34 |   0.0 |  1561
           D:2 |       0 |      44 |   0.0 |       0 |      13 |   0.0 |   989
           D:3 |       0 |     128 |   0.0 |       0 |      23 |   0.0 |  1244
           D:4 |       0 |     326 |   0.0 |       0 |      17 |   0.0 |  1169
           D:5 |       0 |       2 |   0.0 |       0 |       1 |   0.0 |    43
               +---------+---------+-------+---------+---------+-------+---------
